 Dungeon Sprint DCSS version 0.22.1-1-ga44c0e56f4 (webtiles) character file.

17546 MuseOD the Unseen (level 12, -4/71 (73) HPs)
             Began as a Spriggan Enchanter on Oct 1, 2018.
             Was the Champion of Dithmenos.
             Slain by an anaconda (13 damage)
             ... in the Dungeon (Sprint III: "The Ten Rune Challenge").
             The game lasted 00:10:07 (2392 turns).

MuseOD the Unseen (Spriggan Enchanter)              Turns: 2392, Time: 00:10:07

HP:   -4/71 (73)    AC:  3    Str:  4    XL:     12   Next: 19%
MP:   28/32         EV: 15    Int: 21    God:    Dithmenos [******]
Gold: 30            SH:  0    Dex: 17    Spells: 20/41 levels left

rFire    . . .     SeeInvis +   a - +1 dagger
rCold    . . .     Gourm    .   (shield restricted)
rNeg     . . .     Faith    .   b - +0 robe
rPois    +         Spirit   .   (helmet restricted)
rElec    .         Reflect  .   (no cloak)
rCorr    .         Harm     .   (gloves unavailable)
MR       ++...     Clarity  +   (boots unavailable) Stlth ++++++++++NoTele +
                                (no amulet)
HPRegen  0.21/turn              (no ring)
MPRegen  0.23/turn              (no ring)

@: very slightly contaminated, wreathed by umbra, constricted, very quick
A: very small, unfitting armour, horns 1, rugged brown scales 1, see invisible,
clarity, herbivore, speed 3, sense surroundings 1, poison resistance, slow
metabolism 2
a: Shadow Step, Shadow Form, Renounce Religion


You were in the Dungeon.
You worshipped Dithmenos.
Dithmenos was exalted by your worship.
You were not hungry.

You visited 1 branch You collected 30 gold pieces.

Inventory:

Hand Weapons
 a - a +1 dagger (weapon)
Armour
 b - a +0 robe (worn)
Scrolls
 j - a scroll of blinking
 k - 2 scrolls of holy word {unknown}
 l - 3 scrolls of identify
 m - 3 scrolls of remove curse
Potions
 c - a potion of lignification {unknown}
 e - 3 potions of curing
 f - a potion of heal wounds
 g - a potion of haste
 h - 2 potions of magic
 i - 2 potions of berserk rage
 n - a potion of flight {unknown}
 o - a potion of might
Comestibles
 d - 5 rations


   Skills:
 + Level 12.0 Fighting
 * Level 18.3 Short Blades
 - Level 3.0 Dodging
 + Level 19.9 Stealth
 + Level 15.2 Spellcasting
 + Level 1.8 Conjurations
 - Level 13.5 Hexes
 - Level 0.3 Ice Magic


You had 20 spell levels left.
You knew the following spells:

 Your Spells              Type           Power        Failure   Level  Hunger
a - Corona                Hex            ######.      0%          1    None
b - Ensorcelled Hibernat  Hex/Ice        #####.       1%          2    None
c - Confuse               Hex            ######..     1%          3    None
d - Dazzling Spray        Conj/Hex       #####.       1%          3    None
e - Tukima's Dance        Hex            ######..     1%          3    None
f - Mephitic Cloud        Conj/Pois/Air  ###.....     9%          3    None
g - Throw Icicle          Conj/Ice       ###.....     24%         4    None
h - Blink                 Tloc           N/A          6%          2    None

Your spell library contained the following spells:

 Spells                   Type           Power        Failure   Level  Hunger
 Magic Dart               Conj           ###.         1%          1    None
 Slow                     Hex            ######..     1%          2    None
 Freeze                   Ice            ###.         3%          1    None
 Throw Frost              Conj/Ice       ###...       3%          2    None
 Call Imp                 Summ           ###.....     6%          2    None
 Conjure Flame            Conj/Fire      ###.....     8%          3    None
 Ozocubu's Armour         Chrm/Ice       ###.....     11%         3    None
 Summon Ice Beast         Ice/Summ       ###.....     34%         4    None


Dungeon Overview and Level Annotations

Branches:
Dungeon (1/1)

Altars:
Dithmenos
Elyvilon
Fedhas
Kikubaaqudgha
Okawaru
Ru
Sif Muna
Trog
Uskayaw
Vehumet
Wu Jian
Yredelemnul
Zin
The Shining One
Beogh


Innate Abilities, Weirdness & Mutations

You are very small and have problems with some larger weapons.
You are too small for most types of armour.
You have supernaturally acute eyesight. (SInv)
You are a herbivore.
You cover ground extremely quickly.
You need to consume almost no food.
You have a pair of small horns on your head.
You are partially covered in rugged brown scales. (AC +1, +3% HP)
You possess an exceptional clarity of mind.
You passively map a small area around you.
Your system is resistant to poisons. (rPois)


Message History

Aim: an anaconda (black smoke, umbra, chance to defeat MR: 52%)
The anaconda resists with some effort.
Your shadow mimicks your spell!
The anaconda easily resists.
The anaconda misses you.
The anaconda closely misses you. x3; The anaconda grabs you.
The anaconda bites you. The anaconda constricts you.
The anaconda's grasp on you weakens, but your attempt to escape fails.
The anaconda bites you. x2; The anaconda constricts you.
The anaconda misses you. The anaconda bites you!
* * * LOW HITPOINT WARNING * * *
The anaconda constricts you.
You escape the anaconda's grasp.
The anaconda grabs you. The anaconda barely misses you.
* * * LOW HITPOINT WARNING * * *
The anaconda constricts you.
The anaconda's grasp on you weakens, but your attempt to escape fails.
The anaconda bites you.
* * * LOW HITPOINT WARNING * * *
x2 The anaconda constricts you.
The anaconda bites you!
You die...

** *
♣♣.##.##.)#≈..+#######§.§.
*
♣♣.##.#####...#§...))#§§§)
♣†....##.†....#♣♣♣._)#§§§§
*########†#############§###
≈≈ #...........###§ ≈ ≈
#.......†....##,* ≈ ≈≈≈≈ ,
###########..# ≈ , ≈ ,
*##....†......#* ≈
,*#.@.........## , ,,
,*#SS########## * * ≈
#.§§§§§§....#* , ≈
##§§§§§...... *
##########..* ** ,,, , * ∩*
, , , * ≈ , * * *** ∩**


You could see 2 anacondas.

Vanquished Creatures
  Sigmund (D)
  A yaktaur captain (D)
  Erolcha (D)
  2 hydras (D)
  3 anacondas (D)
  Urug (D)
  A spriggan druid (D)
  A death drake (D)
  A lindwurm (D)
  A deep elf mage (D)
  5 black mambas (D)
  2 spiny frogs (D)
  Edmund (D)
  A komodo dragon (D)
  2 yaktaurs (D)
  3 wandering mushrooms (D)
  2 tyrant leeches (D)
  5 redbacks (D)
  2 spriggans (D)
  A shadow (D)
  3 water moccasins (D)
  A necrophage (D)
  5 two-headed ogres (D)
  An electric eel (D)
  An orc priest (D)
  A wizard (D)
  A jelly (D)
  A necromancer (D)
  3 humans (D)
  A kobold demonologist (D)
  A wolf (D)
  6 adders (D)
  An ooze (D)
  3 rats (D)
66 creatures vanquished.

Vanquished Creatures (others)
  2 draconian scorchers (D)
  6 hellions (D)
  2 yaktaurs (D)
  3 orc priests (D)
  8 plants (D)
21 creatures vanquished.

Grand Total: 87 creatures vanquished

Notes
Turn   | Place    | Note
-------+----------+-------------------------------------------
     0 | D        | MuseOD the Spriggan Enchanter began the quest for the Orb.
     0 | D        | Reached XP level 1. HP: 9/9 MP: 5/5
    11 | D        | Reached skill level 6 in Stealth
    57 | D        | Noticed a wolf
    60 | D        | Killed a wolf
    60 | D        | Reached skill level 7 in Stealth
    60 | D        | Reached XP level 2. HP: 13/13 MP: 6/6
    80 | D        | Learned a level 2 spell: Ensorcelled Hibernation
   119 | D        | Killed a hellion
   119 | D        | Killed a hellion
   140 | D        | Killed a hellion
   141 | D        | Killed a hellion
   142 | D        | Killed a hellion
   181 | D        | Reached skill level 9 in Stealth
   181 | D        | Reached XP level 3. HP: 16/16 MP: 5/8
   207 | D        | Gained mutation: You are agile. (Dex +2) [potion of
                  | mutation]
   207 | D        | Gained mutation: You possess an exceptional clarity of
                  | mind. [potion of mutation]
   208 | D        | Lost mutation: You possess an exceptional clarity of mind.
                  | [potion of mutation]
   208 | D        | Lost mutation: You are agile. (Dex +2) [potion of mutation]
   208 | D        | Gained mutation: Your body sometimes deteriorates upon
                  | taking damage. [potion of mutation]
   208 | D        | Gained mutation: You are frail. (-10% HP) [potion of
                  | mutation]
   208 | D        | Gained mutation: You are somewhat resistant to further
                  | mutation. [potion of mutation]
   209 | D        | Lost mutation: Your body sometimes deteriorates upon taking
                  | damage. [potion of mutation]
   209 | D        | Lost mutation: You are frail. (-10% HP) [potion of
                  | mutation]
   209 | D        | Lost mutation: You are somewhat resistant to further
                  | mutation. [potion of mutation]
   209 | D        | Gained mutation: You are partially covered in large bone
                  | plates. (SH +4) [potion of mutation]
   209 | D        | Gained mutation: You have large cloven feet. [potion of
                  | mutation]
   210 | D        | Lost mutation: You are partially covered in large bone
                  | plates. (SH +4) [potion of mutation]
   210 | D        | Lost mutation: You have large cloven feet. [potion of
                  | mutation]
   210 | D        | Gained mutation: You are weak. (Str -2) [potion of
                  | mutation]
   210 | D        | Gained mutation: You are resistant to hostile enchantments.
                  | (MR+) [potion of mutation]
   210 | D        | Gained mutation: You have an increased reservoir of magic.
                  | (+10% MP) [potion of mutation]
   211 | D        | Lost mutation: You have an increased reservoir of magic.
                  | (+10% MP) [potion of mutation]
   211 | D        | Lost mutation: You are weak. (Str -2) [potion of mutation]
   211 | D        | Gained mutation: Your magical capacity is low. (-10% MP)
                  | [potion of mutation]
   211 | D        | Gained mutation: You passively map a small area around you.
                  | [potion of mutation]
   212 | D        | Lost mutation: You are resistant to hostile enchantments.
                  | (MR+) [potion of mutation]
   212 | D        | Lost mutation: Your magical capacity is low. (-10% MP)
                  | [potion of mutation]
   212 | D        | Gained mutation: You have a pair of small horns on your
                  | head. [potion of mutation]
   212 | D        | Gained mutation: Your system is resistant to poisons.
                  | (rPois) [potion of mutation]
   212 | D        | Gained mutation: You possess an exceptional clarity of
                  | mind. [potion of mutation]
   212 | D        | Gained mutation: You are partially covered in rugged brown
                  | scales. (AC +1, +3% HP) [potion of mutation]
   242 | D        | Killed a white draconian scorcher
   251 | D        | Noticed a water elemental
   281 | D        | Killed a yaktaur
   341 | D        | Killed a white draconian scorcher
   394 | D        | Killed a hellion
   441 | D        | Found a basalt altar of Yredelemnul.
   441 | D        | Found a shadowy altar of Dithmenos.
   441 | D        | Found a sacrificial altar of Ru.
   441 | D        | Noticed a necrophage
   441 | D        | Noticed a necromancer
   443 | D        | Killed a necrophage
   443 | D        | Reached skill level 5 in Short Blades
   443 | D        | Reached skill level 10 in Stealth
   443 | D        | Reached XP level 4. HP: 24/24 MP: 8/11
   444 | D        | Reached XP level 5. HP: 29/29 MP: 9/13
   448 | D        | Became a worshipper of Dithmenos the Shadowed
   453 | D        | Learned a level 3 spell: Confuse
   481 | D        | Found a glowing silver altar of Zin.
   481 | D        | Found a glowing golden altar of the Shining One.
   481 | D        | Found a white marble altar of Elyvilon.
   481 | D        | Noticed a deep elf mage
   484 | D        | Killed a deep elf mage
   484 | D        | Reached skill level 12 in Stealth
   484 | D        | Reached XP level 6. HP: 39/39 MP: 13/17
   484 | D        | Reached XP level 7. HP: 43/43 MP: 14/19
   521 | D        | Found a radiant altar of Vehumet.
   522 | D        | Found a deep blue altar of Sif Muna.
   522 | D        | Found an ancient bone altar of Kikubaaqudgha.
   524 | D        | Noticed an orange demon
   528 | D        | Reached * piety under Dithmenos
   687 | D        | Killed a yaktaur
   920 | D        | Learned a level 3 spell: Dazzling Spray
   924 | D        | Learned a level 3 spell: Tukima's Dance
   928 | D        | Learned a level 3 spell: Mephitic Cloud
   933 | D        | Learned a level 4 spell: Throw Icicle
   936 | D        | Learned a level 2 spell: Blink
   952 | D        | Found a hide-covered altar of Uskayaw.
   952 | D        | Found an iron altar of Okawaru.
   953 | D        | Found a roughly hewn altar of Beogh.
   953 | D        | Found a bloodstained altar of Trog.
   953 | D        | Found an ornate altar of the Wu Jian Council.
   953 | D        | Noticed a human
   953 | D        | Noticed a human
   955 | D        | Killed a human
   955 | D        | Reached skill level 13 in Stealth
   956 | D        | Killed a human
   956 | D        | Reached skill level 5 in Hexes
   968 | D        | Noticed a shadow
   970 | D        | Killed a shadow
   970 | D        | Reached ** piety under Dithmenos
   970 | D        | Reached XP level 8. HP: 48/48 MP: 22/22
   974 | D        | Reached skill level 10 in Short Blades
   994 | D        | Noticed a two-headed ogre
   997 | D        | Killed a two-headed ogre
   997 | D        | Reached *** piety under Dithmenos
   997 | D        | Reached skill level 14 in Stealth
  1001 | D        | Noticed Erolcha
  1002 | D        | Noticed a two-headed ogre
  1004 | D        | Killed Erolcha
  1004 | D        | Reached skill level 10 in Spellcasting
  1004 | D        | Reached XP level 9. HP: 53/53 MP: 22/24
  1005 | D        | Killed a two-headed ogre
  1005 | D        | Reached skill level 15 in Stealth
  1024 | D        | Reached **** piety under Dithmenos
  1030 | D        | Noticed Sigmund
  1030 | D        | Noticed Edmund
  1053 | D        | Killed Sigmund
  1053 | D        | Reached skill level 10 in Fighting
  1053 | D        | Reached skill level 17 in Stealth
  1053 | D        | Reached skill level 10 in Hexes
  1053 | D        | Reached XP level 10. HP: 37/60 MP: 21/27
  1075 | D        | Killed Edmund
  1176 | D        | Noticed a yaktaur captain
  1211 | D        | Reached skill level 15 in Short Blades
  1325 | D        | Killed a yaktaur captain
  1325 | D        | Reached ***** piety under Dithmenos
  1753 | D        | Reached XP level 11. HP: 63/63 MP: 22/29
  1795 | D        | Reached skill level 18 in Stealth
  1834 | D        | Reached ****** piety under Dithmenos
  1924 | D        | Noticed a lindwurm
  1927 | D        | Killed a lindwurm
  1935 | D        | Noticed Urug
  1937 | D        | Killed Urug
  1941 | D        | Noticed a four-headed hydra
  1941 | D        | Noticed a four-headed hydra
  1956 | D        | Killed a four-headed hydra
  1960 | D        | Killed a four-headed hydra
  2139 | D        | Noticed a death drake
  2144 | D        | Killed a death drake
  2144 | D        | Reached skill level 19 in Stealth
  2151 | D        | Found a blossoming altar of Fedhas.
  2151 | D        | Noticed a spriggan druid
  2158 | D        | Killed a spriggan druid
  2223 | D        | Noticed an anaconda
  2225 | D        | Noticed an anaconda
  2248 | D        | Killed an anaconda
  2281 | D        | Killed an anaconda
  2281 | D        | Reached XP level 12. HP: 65/70 MP: 14/31
  2365 | D        | Reached skill level 15 in Spellcasting
  2374 | D        | Noticed an anaconda
  2374 | D        | Noticed an anaconda
  2377 | D        | Killed an anaconda
  2377 | D        | Reached skill level 1 in Conjurations
  2378 | D        | Noticed an anaconda
  2392 | D        | Slain by an anaconda

Skill      XL: |  1  2  3  4  5  6  7  8  9 10 11 12 |
---------------+-------------------------------------+-----
Short Blades   | 3 4 5 8 9 12 14 15 17 18 | 18.3
Stealth        | 7 9 10 12 13 14 17 19 | 19.9
Fighting       | 3 7 8 10 11 12 | 12.0
Spellcasting   | 4 7 9 10 12 13 14 15 | 15.2
Hexes          | 5 8 10 11 13 | 13.5
Conjurations   | 1 |  1.8
Dodging        | |  3.0
Ice Magic      | |  0.3

Action                   |  1- 3 |  4- 6 |  7- 9 | 10-12 || total
-------------------------+-------+-------+-------+-------++-------
Melee: Dagger            |    14 |     2 |    20 |    67 ||   103
       Headbutt          |     1 |       |     3 |     4 ||     8
 Cast: Ensorcelled Hiber |     3 |       |       |    15 ||    18
       Confuse           |       |       |     3 |    18 ||    21
       Mephitic Cloud    |       |       |     2 |       ||     2
       Dazzling Spray    |       |       |       |     2 ||     2
Invok: Shadow Step       |       |       |       |     1 ||     1
  Use: Potion            |     6 |       |       |       ||     6
 Stab: Sleeping          |     6 |     2 |    13 |    30 ||    51
       Confused          |       |       |     1 |    10 ||    11
       Held in net/web   |       |       |     2 |     1 ||     3
Armor: Robe              |       |       |       |     1 ||     1
Dodge: Dodged            |     5 |       |     2 |    33 ||    40
